 Dungeon Crawl Stone Soup version 0.31-a0-574-g69dc8cc98e (webtiles) character file.

Game seed: 4869311316068044057

34307 cforsyth the Prestidigitator (level 13, 0/90 HPs)
             Began as a Gnoll Artificer on Aug 17, 2023.
             Was a High Priest of Hepliaklqana.
             Slain by a nine-headed hydra (14 damage)
             ... on level 3 of the Lair of Beasts on Aug 19, 2023.
             The game lasted 00:38:55 (17811 turns).

cforsyth the Prestidigitator (Gnoll Artificer)     Turns: 17811, Time: 00:38:56

Health: 0/90       AC: 23    Str: 12    XL:     13   Next: 76%
Magic:  25/25      EV: 12    Int: 16    God:    Hepliaklqana [*****.]
Gold:   965        SH:  0    Dex: 14    Spells: 29/29 levels left

rFire   + + .        K - +7 scimitar of the Battered Scars {speed, Dex+2}
rCold   + . .        (no shield)
rNeg    . . .        M - +2 fire dragon scales
rPois   .            Y - +2 helmet of Midnight {Harm rC+}
rElec   .            V - scarf {+Inv}
rCorr   .            U - +1 pair of gloves
SInv    .            (no boots)
Will    .....        r - amulet of regeneration
Stlth   ++           p - +4 ring of protection
HPRegen 1.15/turn    A - ring of protection from cold
MPRegen 0.19/turn

%: harm (+30% outgoing, +20% incoming)
@: no status effects
A: reduced essence, fangs 1, strong nose, distributed training
a: Renounce Religion, Evoke Invisibility, Recall Ancestor, Ancestor Identity,
Transference, Idealise


You were on level 3 of the Lair of Beasts.
You worshipped Hepliaklqana.
Hepliaklqana was extremely pleased with you.
You visited 3 branches of the dungeon, and saw 16 of its levels.
You also visited: Bailey.

You collected 965 gold pieces.

Inventory:

Hand Weapons
 K - the +7 scimitar of the Battered Scars (weapon) {speed, Dex+2}
   (You found it in a bailey)

   Dex+2:     It affects your dexterity (+2).
 X - the +4 dire flail of the Gloaming {vamp, rElec}
   (You took it off a two-headed ogre on level 11 of the Dungeon)

   rElec:     It insulates you from electricity.
Armour
 y - a +1 pair of gloves
 F - a +3 leather armour
 M - +2 fire dragon scales (worn)
 N - a +0 chain mail of cold resistance
 U - a +1 pair of gloves (worn)
 V - a scarf of invisibility (worn)
 W - a +2 buckler of reflection
 Y - the +2 helmet of Midnight (worn) {Harm rC+}
   (You acquired it on level 11 of the Dungeon)

   rC+:       It protects you from cold.
   Harm:      It increases damage dealt and taken.
Jewellery
 h - a ring of protection from fire
 j - the amulet of Ojiecoch {Faith Str+3}
   (You acquired it in a bailey)

   [amulet of faith]

   Faith:     It allows you to gain divine favour quickly.
   Str+3:     It affects your strength (+3).
 p - a +4 ring of protection (left hand)
 r - an amulet of regeneration (around neck)
 t - a ring of wizardry
 v - a ring of ice
 x - a ring of ice
 A - a ring of protection from cold (right hand)
 B - an amulet of magic regeneration
 D - a +5 ring of evasion
 T - a ring of magical power
 Z - a +4 ring of protection
Wands
 d - a wand of charming (15)
 e - a wand of polymorph (13)
 I - a wand of flame (2)
Scrolls
 b - 5 scrolls of noise {unknown}
 c - 2 scrolls of teleportation
 f - a scroll of fog {unknown}
 i - 8 scrolls of enchant weapon
 l - 4 scrolls of enchant armour
 q - 4 scrolls of amnesia
 s - 4 scrolls of immolation
 z - a scroll of identify
 C - 3 scrolls of blinking {unknown}
 E - 3 scrolls of vulnerability
 H - 3 scrolls of revelation
 Q - a scroll of poison {unknown}
Potions
 a - a potion of attraction {unknown}
 g - 5 potions of heal wounds
 k - 10 potions of curing
 m - 3 potions of invisibility
 n - 2 potions of brilliance {unknown}
 o - 3 potions of lignification
 u - 3 potions of enlightenment
 w - 2 potions of mutation {unknown}
 J - 2 potions of cancellation
 L - 3 potions of haste
 O - 2 potions of magic
 R - 2 potions of might


   Skills:
 + Level 9.1 Fighting
 + Level 8.7 Short Blades
 + Level 8.7 Long Blades
 + Level 8.7 Axes
 + Level 8.7 Maces & Flails
 + Level 8.7 Polearms
 + Level 8.7 Staves
 + Level 8.7 Ranged Weapons
 + Level 8.7 Throwing
 + Level 9.9 Armour
 + Level 9.1 Dodging
 + Level 9.1 Stealth
 + Level 8.7 Shields
 + Level 8.7 Unarmed Combat
 + Level 8.7 Spellcasting
 + Level 7.3 Conjurations
 + Level 7.3 Hexes
 + Level 7.3 Summonings
 + Level 7.3 Necromancy
 + Level 7.3 Translocations
 + Level 7.3 Transmutations
 + Level 7.3 Fire Magic
 + Level 7.3 Ice Magic
 + Level 7.3 Air Magic
 + Level 7.3 Earth Magic
 + Level 7.3 Poison Magic
 + Level 9.5 Invocations
 + Level 10.9 Evocations
 + Level 7.3 Shapeshifting


You had 29 spell levels left.
You didn't know any spells.
Your spell library contained the following spells:

 Spells                   Type           Power      Damage    Failure   Level
 Summon Small Mammal      Summ           100%       N/A       2%          1
 Call Canine Familiar     Summ           30%        N/A       8%          3
 Summon Guardian Golem    Hex/Summ       30%        N/A       8%          3
 Vhi's Electric Charge    Tloc/Air       60%        N/A       8%          3
 Arcjolt                  Conj/Air       15%        1d25      58%         5
 Maxwell's Capacitive Co  Air            15%        ∞         100%        8


Dungeon Overview and Level Annotations

Branches:
Dungeon (12/15)            Temple (1/1) D:5            Lair (3/5) D:9
 Spider (0/4) Lair:2          Orc (0/2) D:9          Bailey (visited)
  Swamp: Lair:2-3    Shoals: Lair:2-3

Altars:
Ashenzari
Cheibriados
Dithmenos
Elyvilon
Fedhas
Gozag
Hepliaklqana
Kikubaaqudgha
Makhleb
Nemelex Xobeh
Okawaru
Qazlal
Ru
Sif Muna
Trog
Uskayaw
Vehumet
Wu Jian
Xom
Yredelemnul
Zin
The Shining One
Jiyva

Shops:
D:9 *

Annotations:
D:3 1 runed translucent door, Crazy Yiuf
D:6 3 runed translucent doors, GoodGuyCap's ghost, novice OpSh
Lair:2 3 runed translucent doors, javelincjr's ghost, journeyman DrCj


Innate Abilities, Weirdness & Mutations

Your life essence is reduced to manifest your ancestor. (-10% HP)
You have very sharp teeth.
Your uncanny sense of smell can sniff out nearby items.
Your experience applies equally to all skills.


Message History

The nine-headed hydra bites Bozena. x2
Bozena is destroyed!
You start removing your armour.
You continue taking off your +2 buckler of reflection. x2
The nine-headed hydra bites you but does no damage. x2
The nine-headed hydra misses you.
The nine-headed hydra bites you but does no damage.
You block the nine-headed hydra's attack.
The nine-headed hydra bites you.
You block the nine-headed hydra's attack.
The nine-headed hydra bites you but does no damage. x2
You continue taking off your +2 buckler of reflection.
You block the nine-headed hydra's attack.
The nine-headed hydra bites you but does no damage.
The nine-headed hydra closely misses you.
The nine-headed hydra bites you but does no damage.
The nine-headed hydra bites you!
* * * LOW HITPOINT WARNING * * *
The nine-headed hydra bites you but does no damage.
The nine-headed hydra bites you!
* * * LOW HITPOINT WARNING * * *
The nine-headed hydra misses you.
You block the nine-headed hydra's attack.
You continue taking off your +2 buckler of reflection.
The nine-headed hydra barely misses you.
The nine-headed hydra bites you but does no damage. x2
The nine-headed hydra barely misses you.
You block the nine-headed hydra's attack.
The nine-headed hydra bites you but does no damage.
The nine-headed hydra closely misses you.
The nine-headed hydra bites you but does no damage.
You block the nine-headed hydra's attack.
You finish taking off your +2 buckler of reflection.
As you read the scroll of fear, it crumbles to dust.
You assume a fearsome visage.
The nine-headed hydra resists with some effort.
The nine-headed hydra closely misses you.
The nine-headed hydra bites you but does no damage. x4
The nine-headed hydra bites you!
You die...

#... #..♣♣ ####...♣ ♣♣
#.#....## ♣♣♣♣♣♣.♣ ♣♣
#......#♣#.♣.♣..♣♣.♣♣
##....................
+.......#####.........
#.......# #.........
###.....# #.@.......
#....## #.D)......
##....# #......#....
#P....# ###....# ...
##....# #....# ..
###....# #..... ~
###.[....### #...~~~
............. .#...~≈≈
~............
###.~≈≈~≈


You could see a nine-headed hydra.

Vanquished Creatures
  Fannar (Lair:1)
  A hydra (D:12)
  4 two-headed ogres (D:11)
  Nergalle (Lair:3)
  Sonja (Lair:1)
  A deep elf pyromancer (D:12)
  2 manticores
  A black mamba (Lair:1)
  Jeremiah (D:8)
  Maggie (D:7)
  7 cane toads
  A rime drake (Lair:1)
  3 komodo dragons
  2 kobold demonologists
  3 trolls
  5 blink frogs
  Grinder (D:4)
  Prince Ribbit (D:6)
  A wyvern (Lair:2)
  Sigmund (D:3)
  A shadow (D:10)
  2 wraiths
  29 yaks
  4 fire bats (D:11)
  A vampire (D:10)
  A fire elemental (D:11)
  A steam dragon (D:7)
  3 vampire mosquitoes (D:12)
  A warg (D:9)
  An acid dragon (D:10)
  6 water moccasins
  Pargi (D:4)
  14 orc warriors
  An ice beast (D:5)
  A sky beast (D:8)
  3 ogres
  5 centaurs
  4 wolves
  3 kobold brigands
  4 bullfrogs
  4 scorpions
  6 wights
  12 killer bees
  An electric eel (Bailey)
  A howler monkey (D:12)
  A lava snake (D:11)
  5 hounds
  2 orc priests (D:9)
  3 sleepcaps
  A jelly (D:7)
  4 orc wizards
  Terence (D:2)
  3 iguanas
  10 adders
  4 gnolls
  3 white imps
  An ufetubus (D:6)
  A worm (D:2)
  6 dart slugs
  34 orcs
  7 ball pythons
  4 endoplasms
  2 giant cockroaches
  13 hobgoblins
  11 jackals
  A quokka (D:2)
  4 bats
  8 frilled lizards
  7 goblins
  21 kobolds
  5 rats
311 creatures vanquished.

Vanquished Creatures (collateral kills)
  The ghost of Teomi the Fighter, a journeyman MiBe of Trog (D:11)
  A boulder beetle (D:12)
  2 two-headed ogres
  A deep elf pyromancer (D:12)
  2 unseen horrors
  A kobold demonologist (D:9)
  A komodo dragon (Lair:1)
  4 blink frogs
  13 yaks
  A shadow (D:10)
  A basilisk (Lair:2)
  2 vampire mosquitoes (D:12)
  2 wargs (D:9)
  2 acid dragons
  3 water moccasins
  A hell hound (D:11)
  A swamp drake (D:9)
  9 orc warriors
  2 ogres
  3 centaurs
  2 wolves (Lair:1)
  A scorpion (D:9)
  2 bullfrogs
  4 killer bees (D:10)
  5 electric eels
  A lava snake (D:11)
  A howler monkey (D:5)
  4 orc priests
  A sleepcap (D:7)
  3 orc wizards
  2 adders (Lair:3)
  3 shadow imps
  13 orcs
  3 goblins (Bailey)
  8 hobgoblins
  4 kobolds
110 creatures vanquished.

Vanquished Creatures (others)
  A kobold demonologist (Bailey)
  3 killer bees (D:8)
  An iguana (D:5)
  3 battlemagi
  6 ancestors
14 creatures vanquished.

Grand Total: 435 creatures vanquished

Notes
Turn   | Place    | Note
-------+----------+-------------------------------------------
     0 | D:1      | cforsyth the Gnoll Artificer began the quest for the Orb.
     0 | D:1      | Reached XP level 1. HP: 17/17 MP: 1/1
   164 | D:1      | Reached XP level 2. HP: 8/23 MP: 2/2
  1194 | D:1      | Upgraded the game from 0.31-a0-557-g6e16503903 to
                  | 0.31-a0-574-g69dc8cc98e
  1243 | D:2      | Reached XP level 3. HP: 19/28 MP: 3/3
  1813 | D:2      | Reached skill level 1 in Invocations
  1939 | D:2      | Found a glowing golden altar of the Shining One.
  2023 | D:2      | Reached skill level 1 in Short Blades
  2023 | D:2      | Reached skill level 1 in Long Blades
  2023 | D:2      | Reached skill level 1 in Axes
  2023 | D:2      | Reached skill level 1 in Maces & Flails
  2023 | D:2      | Reached skill level 1 in Polearms
  2023 | D:2      | Reached skill level 1 in Staves
  2023 | D:2      | Reached skill level 1 in Ranged Weapons
  2023 | D:2      | Reached skill level 1 in Throwing
  2023 | D:2      | Reached skill level 1 in Shields
  2023 | D:2      | Reached skill level 1 in Unarmed Combat
  2023 | D:2      | Reached skill level 1 in Spellcasting
  2254 | D:2      | Noticed Terence
  2265 | D:2      | Killed Terence
  2266 | D:2      | Reached XP level 4. HP: 15/34 MP: 5/5
  2582 | D:3      | Reached skill level 1 in Conjurations
  2582 | D:3      | Reached skill level 1 in Hexes
  2582 | D:3      | Reached skill level 1 in Summonings
  2582 | D:3      | Reached skill level 1 in Necromancy
  2582 | D:3      | Reached skill level 1 in Translocations
  2582 | D:3      | Reached skill level 1 in Transmutations
  2582 | D:3      | Reached skill level 1 in Fire Magic
  2582 | D:3      | Reached skill level 1 in Ice Magic
  2582 | D:3      | Reached skill level 1 in Air Magic
  2582 | D:3      | Reached skill level 1 in Earth Magic
  2582 | D:3      | Reached skill level 1 in Poison Magic
  2582 | D:3      | Reached skill level 1 in Shapeshifting
  3281 | D:3      | Reached XP level 5. HP: 20/40 MP: 5/7
  3503 | D:3      | Found a runed translucent door.
  3504 | D:3      | Noticed Crazy Yiuf
  3728 | D:3      | Noticed Sigmund
  3740 | D:3      | Killed Sigmund
  3741 | D:3      | Reached skill level 5 in Armour
  3741 | D:3      | Reached XP level 6. HP: 47/47 MP: 8/8
  4561 | D:4      | Noticed Grinder
  4577 | D:4      | Your ally Grinder died
  4578 | D:4      | Reached skill level 7 in Evocations
  4578 | D:4      | Reached XP level 7. HP: 31/52 MP: 10/10
  4936 | D:4      | Noticed Pargi
  5471 | D:4      | Killed Pargi
  5738 | D:5      | Entered Level 5 of the Dungeon
  5978 | D:5      | Found a shadowy altar of Dithmenos.
  6006 | D:5      | Reached XP level 8. HP: 60/60 MP: 12/12
  6137 | D:5      | Found a sacrificial altar of Ru.
  6162 | D:5      | Found a shimmering blue altar of Sif Muna.
  6617 | D:5      | Found a staircase to the Ecumenical Temple.
  6636 | Temple   | Entered the Ecumenical Temple
  6676 | D:6      | Found a hazy altar of Hepliaklqana.
  6697 | D:6      | Became a worshipper of Hepliaklqana the Forgotten
  6759 | D:6      | Found a runed translucent gate.
  6759 | D:6      | Found a runed translucent gate.
  6760 | D:6      | Noticed GoodGuyCap's ghost (novice OpSh)
  6761 | D:6      | Found a runed translucent gate.
  6920 | D:6      | Found a snail-covered altar of Cheibriados.
  7398 | D:7      | Noticed Maggie
  7405 | D:7      | Noticed Prince Ribbit
  7464 | D:6      | Killed Prince Ribbit
  7465 | D:6      | Reached XP level 9. HP: 34/67 MP: 13/15
  7978 | D:7      | Reached skill level 5 in Fighting
  7978 | D:7      | Reached skill level 5 in Dodging
  8009 | D:7      | Reached * piety under Hepliaklqana
  8143 | D:7      | Killed Maggie
  8144 | D:7      | Reached skill level 5 in Stealth
  8150 | D:7      | Reached skill level 8 in Evocations
  8519 | D:7      | Reached skill level 5 in Invocations
  8787 | D:8      | Found a flagged portal.
  8801 | Bailey   | Entered a bailey
  9181 | Bailey   | Acquired the amulet of Ojiecoch {Faith Str+3}
  9631 | Bailey   | Reached XP level 10. HP: 44/67 MP: 17/17
  9693 | Bailey   | Reached skill level 5 in Short Blades
  9693 | Bailey   | Reached skill level 5 in Long Blades
  9693 | Bailey   | Reached skill level 5 in Axes
  9693 | Bailey   | Reached skill level 5 in Maces & Flails
  9693 | Bailey   | Reached skill level 5 in Polearms
  9693 | Bailey   | Reached skill level 5 in Staves
  9693 | Bailey   | Reached skill level 5 in Ranged Weapons
  9693 | Bailey   | Reached skill level 5 in Throwing
  9693 | Bailey   | Reached skill level 5 in Shields
  9693 | Bailey   | Reached skill level 5 in Unarmed Combat
  9693 | Bailey   | Reached skill level 5 in Spellcasting
  9998 | Bailey   | Found an iron altar of Okawaru.
  9998 | Bailey   | Noticed a kobold demonologist
  9998 | Bailey   | Noticed a kobold demonologist
 10031 | Bailey   | Identified the +7 scimitar of the Battered Scars {speed,
                  | Dex+2}
 10294 | D:8      | Noticed Jeremiah
 10859 | D:8      | Found a white marble altar of Elyvilon.
 11113 | D:8      | Killed Jeremiah
 11544 | D:8      | Reached ** piety under Hepliaklqana
 11545 | D:8      | Remembered your ancestor Bozena as a battlemage
 11778 | D:9      | Found a staircase to the Lair.
 11789 | D:9      | Reached XP level 11. HP: 74/74 MP: 19/19
 11794 | D:9      | Reached skill level 9 in Evocations
 11886 | D:9      | Reached skill level 5 in Conjurations
 11886 | D:9      | Reached skill level 5 in Hexes
 11886 | D:9      | Reached skill level 5 in Summonings
 11886 | D:9      | Reached skill level 5 in Necromancy
 11886 | D:9      | Reached skill level 5 in Translocations
 11886 | D:9      | Reached skill level 5 in Transmutations
 11886 | D:9      | Reached skill level 5 in Fire Magic
 11886 | D:9      | Reached skill level 5 in Ice Magic
 11886 | D:9      | Reached skill level 5 in Air Magic
 11886 | D:9      | Reached skill level 5 in Earth Magic
 11886 | D:9      | Reached skill level 5 in Poison Magic
 11886 | D:9      | Reached skill level 5 in Shapeshifting
 11955 | D:9      | Found a glowing golden altar of the Shining One.
 12186 | D:9      | Identified the +3 leather armour of Mueshet {Rampage rF+
                  | Will- SInv}
 12192 | D:9      | Found a bloodstained altar of Trog.
 12372 | D:9      | Found a staircase to the Orcish Mines.
 12590 | D:9      | Found an opulent altar of Gozag.
 12594 | D:9      | Found Gozag's Platinum Reserve.
 12700 | D:10     | Entered Level 10 of the Dungeon
 13240 | D:10     | Reached *** piety under Hepliaklqana
 13527 | D:11     | Noticed a manticore
 13720 | D:11     | Killed a manticore
 13721 | D:11     | Reached XP level 12. HP: 61/81 MP: 22/22
 13974 | D:11     | Noticed a two-headed ogre
 13981 | D:11     | Killed a two-headed ogre
 14100 | D:11     | Found a transporter.
 14100 | D:11     | Found a transporter.
 14101 | D:11     | Noticed Teomi's ghost (journeyman MiBe)
 14101 | D:11     | Identified the +4 dire flail of the Gloaming {vamp, rElec}
 14101 | D:11     | Noticed a two-headed ogre
 14102 | D:11     | Noticed a two-headed ogre
 14120 | D:11     | Noticed a two-headed ogre
 14120 | D:11     | Noticed a two-headed ogre
 14258 | D:11     | Identified the +4 ring mail "Japuxtish" {rN+}
 14456 | D:11     | Killed a two-headed ogre
 14497 | D:11     | Killed Teomi's ghost
 14498 | D:11     | Reached skill level 10 in Evocations
 14639 | D:11     | Killed a two-headed ogre
 14675 | D:11     | Killed a two-headed ogre
 14678 | D:11     | Killed a two-headed ogre
 14704 | D:11     | Acquired the +2 helmet of Midnight {Harm rC+}
 14876 | D:12     | Noticed a boulder beetle
 14907 | D:12     | Killed a boulder beetle
 15329 | D:12     | Reached XP level 13. HP: 89/89 MP: 23/25
 15674 | Lair:1   | Entered Level 1 of the Lair of Beasts
 15674 | Lair:1   | Reached **** piety under Hepliaklqana
 16152 | Lair:1   | Noticed Sonja
 16159 | Lair:1   | Killed Sonja
 16159 | Lair:1   | Noticed Fannar
 16319 | Lair:1   | Killed Fannar
 17055 | Lair:2   | Found a hole to the Spider Nest.
 17239 | Lair:2   | Found a runed translucent gate.
 17239 | Lair:2   | Found a runed translucent gate.
 17239 | Lair:2   | Found a runed translucent gate.
 17243 | Lair:2   | Noticed javelincjr's ghost (journeyman DrCj)
 17350 | Lair:2   | Reached ***** piety under Hepliaklqana
 17616 | Lair:2   | Found a viscous altar of Jiyva.
 17794 | Lair:3   | Noticed Nergalle
 17804 | Lair:3   | Killed Nergalle
 17811 | Lair:3   | Slain by a nine-headed hydra

Illustrated notes

Levels and vault maps discovered:
D:1:      mrwooster_arrival_statue, layout_loops_corners
D:2:      layout_basic, basic_altar, uniq_terence
D:3:      layout_basic, corner_web_ring, uniq_crazy_yiuf_cottage, uniq_sigmund
D:4:      layout_loops_ring, uniq_pargi, uniq_grinder
D:5:      layout_basic, amethyst_overflow_temple_binary,
          nicolae_dithmenos_shadow_blocks, minmay_temple_entry_gardened_gates,
          grunt_ministairs_14, minmay_misc_feat_ornament
D:6:      layout_loops_ring, mainiacjoe_overflow_small_starburst,
          kennysheep_slug_shrine, gammafunk_ghost_nasty_kobolds
D:7:      layout_basic, serial_curves, eino_curves_04, eino_curves_03,
          uniq_prince_ribbit1, uniq_maggie
D:8:      layout_basic, mainiacjoe_overflow_boulevard, enter_bailey_4,
          grunt_decor_arrowhead, uniq_jeremiah
D:9:      layout_irregular_city, trog_butcher_becter,
          nicolae_gozag_zags_fifth_avenue, nicolae_tso_carved_into_rock,
          erik_lair_orcish_takeover, erik_orc_1
D:10:     layout_cave_pools, st_stairs_3
D:11:     layout_roguey [special_room_orc], gammafunk_ghost_smash,
          hangedman_incinerator
D:12:     layout_loops_ring
Temple:   nicolae_temple_god_jail
Lair:1:   layout_layer_cave, infiniplex_staircase_pool, grunt_megastairs_3,
          uniq_fannar, uniq_sonja
Lair:2:   layout_chaotic_city, dummy_spider_entry, gammafunk_ghost_ooze
Lair:3:   layout_gridlike, palyth_hydra_swamp_entry,
          cheibrodos_lair_reptile_den, grunt_megastairs_2,
          infiniplex_staircase_pool_2, serial_bayou_shore_b, uniq_nergalle

Skill      XL: |  1  2  3  4  5  6  7  8  9 10 11 12 13 |
---------------+----------------------------------------+-----
Invocations    | 1 2 3 4 5 6 7 8 9 |  9.5
Short Blades   | 1 2 4 5 6 8 |  8.7
Long Blades    | 1 2 4 5 6 8 |  8.7
Axes           | 1 2 4 5 6 8 |  8.7
Maces & Flails | 1 2 4 5 6 8 |  8.7
Polearms       | 1 2 4 5 6 8 |  8.7
Staves         | 1 2 4 5 6 8 |  8.7
Ranged Weapons | 1 2 4 5 6 8 |  8.7
Throwing       | 1 2 4 5 6 8 |  8.7
Shields        | 1 2 4 5 6 8 |  8.7
Unarmed Combat | 1 2 4 5 6 8 |  8.7
Spellcasting   | 1 2 4 5 6 8 |  8.7
Conjurations   | 1 2 3 4 5 6 7 |  7.3
Hexes          | 1 2 3 4 5 6 7 |  7.3
Summonings     | 1 2 3 4 5 6 7 |  7.3
Necromancy     | 1 2 3 4 5 6 7 |  7.3
Translocations | 1 2 3 4 5 6 7 |  7.3
Transmutations | 1 2 3 4 5 6 7 |  7.3
Fire Magic     | 1 2 3 4 5 6 7 |  7.3
Ice Magic      | 1 2 3 4 5 6 7 |  7.3
Air Magic      | 1 2 3 4 5 6 7 |  7.3
Earth Magic    | 1 2 3 4 5 6 7 |  7.3
Poison Magic   | 1 2 3 4 5 6 7 |  7.3
Shapeshifting  | 1 2 3 4 5 6 7 |  7.3
Fighting       | 3 4 5 6 7 8 9 |  9.1
Armour         | 5 6 7 8 9 |  9.9
Dodging        | 3 4 5 6 7 8 9 |  9.1
Stealth        | 3 4 5 6 7 8 9 |  9.1
Evocations     | 7 8 9 10 | 10.9

Action                     |  1- 3 |  4- 6 |  7- 9 | 10-12 | 13-15 || total
---------------------------+-------+-------+-------+-------+-------++-------
  Melee: Club              |   211 |   182 |   217 |       |       ||   610
         Bite              |    18 |    16 |    61 |    75 |    29 ||   199
         Punch             |     2 |     9 |     9 |    28 |       ||    48
         Unarmed           |       |       |     4 |       |       ||     4
         Trident           |       |       |   341 |    67 |       ||   408
         Scimitar          |       |       |       |   601 |   223 ||   824
         Dire flail        |       |       |       |       |     5 ||     5
 Invoke: Recall Ancestor   |       |       |       |     9 |     1 ||    10
         Ancestor Life: Ba |       |       |       |     1 |       ||     1
  Evoke: Wand              |     5 |    15 |     9 |     8 |     2 ||    39
    Use: Scroll            |       |       |    12 |     2 |     5 ||    19
   Stab: Sleeping          |     4 |     7 |    11 |     2 |     1 ||    25
         Distracted        |       |       |     5 |     7 |     1 ||    13
         Confused          |       |       |     1 |       |       ||     1
 Armour: Leather armour    |    58 |    50 |    77 |       |       ||   185
         Troll leather arm |       |       |   166 |    16 |       ||   182
         Fire dragon scale |       |       |       |   316 |   134 ||   450
  Dodge: Dodged            |   141 |   134 |   401 |   313 |   119 ||  1108
  Block: Buckler           |       |       |       |    39 |   100 ||   139

Table legend: (Time is in decaauts)
 A = Elapsed time spent in this place.
 B = Non-inter-level travel time spent in this place.
 C = Inter-level travel time spent in this place.
 D = Time resting spent in this place.
 E = Time spent auto-exploring this place.
 F = Levels seen in this place.
 G = Mean time per level.
                   A        B        C        D        E       F      G
               +--------+--------+--------+--------+--------+-----+--------+
         Total |  17789 |  17088 |    701 |   2309 |  10372 |  17 | 1046.4 |
       Dungeon |  14225 |  13582 |    643 |   1456 |   8557 |  12 | 1185.4 |
        Temple |      1 |      1 |      0 |      0 |      0 |   1 |    1.0 |
          Lair |   2075 |   2017 |     58 |    143 |   1498 |   3 |  691.7 |
        Bailey |   1487 |   1487 |      0 |    710 |    316 |   1 | 1487.0 |
               +--------+--------+--------+--------+--------+-----+--------+

Top non-repeatable levels by time:
     D:4: 1780 daAuts
     D:3: 1574 daAuts
     D:1: 1509 daAuts
  Bailey: 1487 daAuts
     D:7: 1311 daAuts
  Lair:1: 1301 daAuts
     D:8: 1293 daAuts
    D:11: 1259 daAuts
     D:2: 1125 daAuts
     D:6: 1112 daAuts
     D:9: 974 daAuts
     D:5: 819 daAuts
    D:10: 743 daAuts
    D:12: 721 daAuts
  Lair:2: 707 daAuts
